 Dungeon Crawl Stone Soup version 0.31-a0-267-g3fc6992b3b (webtiles) character file.

Game seed: 4424320027669571726

324 qw the Trooper (level 6, 0/56 HPs)
             Began as a Minotaur Hexslinger on July 14, 2023.
             Killed by divine providence
             ... invoked by an orc priest
              (13 damage)
             ... on level 3 of the Dungeon.
             The game lasted 00:00:59 (1935 turns).

qw the Trooper (Minotaur Hexslinger)                Turns: 1935, Time: 00:01:00

Health: 0/56       AC:  6    Str: 13    XL:     6   Next: 23%
Magic:  6/6        EV: 11    Int: 10    God:
Gold:   80         SH:  0    Dex: 14    Spells: 6/7 levels left

rFire   . . .        Y - +1 sling
rCold   . . .        (no shield)
rNeg    . . .        h - +0 ring mail
rPois   .            (helmet restricted)
rElec   .            (no cloak)
rCorr   .            j - +0 pair of gloves
SInv    .            (no boots)
Will    .....        (no amulet)
Stlth   +            (no ring)
HPRegen 0.29/turn    (no ring)
MPRegen 0.10/turn

%: no passive effects
@: no status effects
A: horns 2, retaliatory headbutt
a: no special abilities


You were on level 3 of the Dungeon.
You visited 1 branch of the dungeon, and saw 3 of its levels.

You collected 80 gold pieces.


Innate Abilities, Weirdness & Mutations

You have a pair of horns on your head.
You reflexively headbutt those who attack you in melee.


   Skills:
 - Level 5.5 Fighting
 + Level 5.0 Ranged Weapons
 - Level 1.4 Armour
 - Level 2.1 Dodging
 - Level 1.0 Spellcasting
 - Level 2.0 Hexes


You had 6 spell levels left.
You knew the following spells:

 Your Spells              Type           Power      Damage    Failure   Level
a - Slow                  Hex            16%        N/A       32%         1

Your spell library contained the following spells:

 Spells                   Type           Power      Damage    Failure   Level
 Inner Flame              Hex/Fire       2%         N/A       82%         3
 Portal Projectile        Hex/Tloc       4%         N/A       82%         3
 Cause Fear               Hex            2%         N/A       97%         4

Inventory:

Hand Weapons
 Y - a +1 sling (weapon)
Armour
 h - a +0 ring mail (worn)
 j - a +0 pair of gloves (worn)

Dungeon Overview and Level Annotations

Branches:
Dungeon (3/15)

Altars:
Dithmenos
Elyvilon
Zin

Shops:
D:2 *


Message History

The orc priest barely misses you. The orc barely misses you.
The orc priest mumbles some strange prayers to Beogh against you.
Beogh smites you! The orc hits you with a +0 mace.
You shoot a sling bullet.
The sling bullet barely misses the orc priest.
The orc priest hits you but does no damage.
The orc hits you with a +0 mace.
You shoot a sling bullet.
The sling bullet closely misses the orc priest.
The orc hits you but does no damage.
The orc priest hits you but does no damage.
You shoot a sling bullet.
The sling bullet hits the orc priest but does no damage.
The orc priest is moderately wounded.
The orc priest hits you but does no damage.
The orc misses you.
You shoot a sling bullet.
The sling bullet barely misses the orc priest.
The orc misses you.
The orc priest hits you but does no damage.
The orc priest hits you with a +0 dagger.
The orc hits you but does no damage.
You shoot a sling bullet.
The sling bullet barely misses the orc priest.
The orc priest mumbles some strange prayers to Beogh against you.
Beogh smites you! The orc barely misses you.
You shoot a sling bullet. The sling bullet hits the orc priest.
The orc priest is moderately wounded.
The orc barely misses you. You furiously retaliate!
You headbutt the orc, but do no damage.
The orc priest hits you but does no damage.
You shoot a sling bullet.
The sling bullet closely misses the orc priest.
The orc priest hits you but does no damage.
The orc barely misses you. You furiously retaliate!
You headbutt the orc. You shoot a sling bullet. The sling bullet hits the orc!
You kill the orc!
The orc priest invokes the aid of Beogh against you.
Beogh smites you!
You die...

######.#.......#..
##.#.....#...
#...##.##....
#........##%
#...#..####.##
#...#.#####.).
##.##.......#.
#######.##.#####.).
#o@...).##.# #...
#)########.# #...
#o #.# #... #. #.#
#... #. ... .....
#. ...... #. .....(
#. ..... ....


You could see an orc priest and an orc.

Vanquished Creatures
  Sigmund (D:3)
  An orc wizard (D:2)
  A gnoll (D:1)
  4 adders
  A worm (D:2)
  13 orcs
  6 bats
  3 endoplasms
  A giant cockroach (D:1)
  3 goblins
  6 hobgoblins
  4 jackals (D:2)
  6 quokkas
  3 ball pythons
  2 frilled lizards
  5 kobolds
  6 rats
66 creatures vanquished.

Notes
Turn   | Place    | Note
-------+----------+-------------------------------------------
     0 | D:1      | qw the Minotaur Hexslinger began the quest for the Orb.
     0 | D:1      | Reached XP level 1. HP: 16/16 MP: 1/1
     0 | D:1      | 0 ||| qw: Version: 0.3-a-52-g30416fa
     0 | D:1      | 0 ||| qw: Game counter: 7883
     0 | D:1      | 0 ||| qw: Melee chars always use a shield: true
     0 | D:1      | 0 ||| qw: God list: Okawaru
     0 | D:1      | 0 ||| qw: Allow faded altars: false
     0 | D:1      | 0 ||| qw: Do Orc after clearing Dungeon:15 true
     0 | D:1      | 0 ||| qw: Do second Lair branch before Depths: true
     0 | D:1      | 0 ||| qw: Lair rune preference: random
     0 | D:1      | 0 ||| qw: Goals: Normal
     0 | D:1      | 0 ||| PLANNING D:1-11
   165 | D:1      | Reached skill level 3 in Ranged Weapons
   165 | D:1      | Reached XP level 2. HP: 14/23 MP: 2/2
   490 | D:1      | Reached XP level 3. HP: 30/30 MP: 3/3
   670 | D:1      | 670 ||| UPGRADING to +0 ring mail.
   680 | D:1      | 680 ||| DROPPING +0 robe.
   681 | D:1      | 681 ||| UPGRADING to +0 pair of gloves.
   686 | D:1      | 686 ||| DROPPING +6 ring of intelligence.
   687 | D:1      | 687 ||| READING scroll labelled SURRAE OHOKA.
   688 | D:1      | 688 ||| READING scroll labelled VYDEIBO HUASA.
   689 | D:1      | 689 ||| READING scroll labelled UGARIE KUTORAA.
   690 | D:1      | 690 ||| DROPPING scroll of poison.
   829 | D:2      | Found Beloi's Assorted Antiques.
   837 | D:2      | 837 ||| SHOPLISTING 3 scrolls labelled QIRCHA DAIMOM (54
                  | gold, have 13).
   837 | D:2      | 837 ||| SHOPLISTING brown potion (16 gold, have 13).
   837 | D:2      | 837 ||| SHOPLISTING scroll labelled GUITEA YTUOHUC (18
                  | gold, have 13).
   837 | D:2      | 837 ||| SHOPLISTING scroll labelled JICOTY IR ARUTZ (18
                  | gold, have 13).
   837 | D:2      | 837 ||| SHOPLISTING scroll of enchant armour (135 gold,
                  | have 13).
   837 | D:2      | 837 ||| SHOPLISTING twisted silver wand (72 gold, have 13).
   967 | D:2      | Reached skill level 1 in Armour
   967 | D:2      | Reached XP level 4. HP: 24/37 MP: 4/4
  1110 | D:2      | Found a shadowy altar of Dithmenos.
  1219 | D:2      | HP: 9/37 [something (4)]
  1232 | D:2      | HP: 3/37 [orc wizard/magic dart (9)]
  1238 | D:2      | HP: 2/37 [orc wizard/+0 dagger (1)]
  1424 | D:2      | 1424 ||| READING scroll labelled ROHOUSICKOLOU.
  1429 | D:2      | 1429 ||| READING scroll labelled JICOTY IR ARUTZ.
  1430 | D:2      | 1430 ||| DRINKING 2 brown potions.
  1586 | D:3      | Found a white marble altar of Elyvilon.
  1589 | D:3      | Found a glowing silver altar of Zin.
  1601 | D:3      | Noticed Sigmund
  1610 | D:3      | Reached XP level 5. HP: 33/44 MP: 5/5
  1620 | D:3      | 1620 ||| FLEEEEING.
  1621 | D:3      | 1621 ||| FLEEEEING.
  1622 | D:3      | 1622 ||| FLEEEEING.
  1623 | D:3      | 1623 ||| FLEEEEING.
  1624 | D:3      | 1624 ||| FLEEEEING.
  1628 | D:3      | 1628 ||| FLEEEEING.
  1629 | D:3      | 1629 ||| DRINKING potion of curing.
  1629 | D:3      | 1629 ||| (to cure confusion)
  1630 | D:3      | 1630 ||| FLEEEEING.
  1631 | D:3      | 1631 ||| FLEEEEING.
  1632 | D:3      | 1632 ||| FLEEEEING.
  1633 | D:3      | 1633 ||| FLEEEEING.
  1634 | D:3      | 1634 ||| FLEEEEING.
  1635 | D:3      | 1635 ||| FLEEEEING.
  1636 | D:3      | 1636 ||| FLEEEEING.
  1641 | D:3      | HP: 5/44 [Sigmund/+0 scythe (8)]
  1642 | D:3      | 1642 ||| READING scroll of teleportation.
  1643 | D:3      | HP: 1/44 [Sigmund/+0 scythe (4)]
  1644 | D:3      | Reached skill level 3 in Fighting
  1644 | D:3      | Killed Sigmund
  1645 | D:3      | Reached XP level 6. HP: 2/56 MP: 6/6
  1860 | D:3      | Found a faded altar of an unknown god.
  1932 | D:3      | HP: 12/56 [orc priest/divine providence (11)]
  1935 | D:3      | Killed from afar by an orc priest

Levels and vault maps discovered:
D:1:      minmay_arrival_floating_metal, layout_rooms
D:2:      layout_basic, serial_shops, shop, basic_altar
D:3:      layout_basic, good_gods_temple_1,
          shapermc_ecumenical_altar_starsandcircs, uniq_sigmund, uniq_natasha

Skill      XL: |  1  2  3  4  5 |
---------------+----------------+-----
Ranged Weapons | 3 4 5 |  5.0
Fighting       | 2 5 |  5.5
Armour         | 1 |  1.4
Dodging        | |  2.1
Spellcasting   | |  1.0
Hexes          | |  2.0

Action                     |  1- 3 |  4- 6 || total
---------------------------+-------+-------++-------
   Fire: Sling             |   106 |   142 ||   248
    Use: Scroll            |     3 |     3 ||     6
         Potion            |       |     2 ||     2
 Armour: Robe              |     4 |       ||     4
         Ring mail         |    17 |    72 ||    89
  Dodge: Dodged            |    28 |    52 ||    80

Table legend:
 A = Non-vault XP
 B = Vault XP
 C = Vault XP percentage of total XP
 D = Non-vault monster count
 E = Vault monster count
 F = Vault count percentage of total count
                 A         B        C        D         E       F
            +---------+---------+-------+---------+---------+-------
      Total |     223 |     243 |  52.1 |      65 |       1 |   1.5
            +---------+---------+-------+---------+---------+-------
        D:1 |      42 |       0 |   0.0 |      17 |       0 |   0.0
        D:2 |     127 |       0 |   0.0 |      29 |       0 |   0.0
        D:3 |      54 |     243 |  81.8 |      19 |       1 |   5.0
            +---------+---------+-------+---------+---------+-------
